 Dungeon Crawl Stone Soup version 0.28-a0-1374-ga75cb3825e (webtiles) character file.

Game seed: 11960750881023088636

104 dolemite99 the Chopper (level 4, -1/39 HPs)
             Began as a Minotaur Fighter on Jan 1, 2022.
             Succumbed to Sigmund's poison
             ... on level 2 of the Dungeon.
             The game lasted 00:01:39 (1924 turns).

dolemite99 the Chopper (Minotaur Fighter)           Turns: 1924, Time: 00:01:39

Health: -1/39      AC:  7    Str: 20 (22) XL:     4   Next: 52%
Magic:  2/2        EV:  9    Int:  2 (5)  God:
Gold:   97         SH:  4    Dex:  7 (10) Spells: 3/3 levels left

rFire   . . .      SeeInvis .   a - +0 war axe
rCold   . . .      Faith    .   c - +0 buckler
rNeg    . . .      Spirit   .   b - +0 scale mail
rPois   .          Reflect  .   k - +1 hat
rElec   .          Harm     .   (no cloak)
rCorr   .          Rampage  .   (no gloves)
Will    .....                   (no boots)
Stlth   ..........              (no amulet)
HPRegen 0.93/turn               (no ring)
MPRegen 0.08/turn               (no ring)

@: mighty, lethally poisoned (-1 -> -7)
A: horns 2, retaliatory headbutt, low mp 1, regeneration 1
a: no special abilities


You were on level 2 of the Dungeon.
You visited 1 branch of the dungeon, and saw 2 of its levels.

You collected 97 gold pieces.

Inventory:

Hand Weapons
 a - a +0 war axe (weapon)
Missiles
 f - 20 poisoned darts (quivered)
 h - 52 stones
 l - 25 arrows
Armour
 b - a +0 scale mail (worn)
 c - a +0 buckler (worn)
 k - a +1 hat (worn)
Jewellery
 j - a ring of ice
Wands
 o - a wand of polymorph (5)
Scrolls
 m - 4 scrolls of identify {unknown}
 n - a scroll of blinking {unknown}
 p - a scroll of immolation {unknown}
Potions
 d - a potion of might
 g - a potion of mutation
 i - a potion of cancellation {unknown}


   Skills:
 - Level 3.6 Fighting
 + Level 5.8 Axes
 - Level 3.6 Armour
 - Level 3.6 Shields


You had 3 spell levels left.
You didn't know any spells.
Your spell library contained the following spells:

 Spells                   Type           Power      Damage    Failure   Level
 Animate Skeleton         Necr           0%         N/A       88%         1
 Apportation              Tloc           0%         N/A       88%         1
 Summon Small Mammal      Summ           0%         N/A       88%         1
 Blink                    Tloc           0%         N/A       96%         2
 Manifold Assault         Tloc           0%         N/A       100%        5
 Storm Form               Tmut/Air       0%         N/A       100%        7


Dungeon Overview and Level Annotations

Branches:
Dungeon (2/15)

Altars:

Annotations:
D:2 Sigmund


Innate Abilities, Weirdness & Mutations

You have a pair of horns on your head.
You reflexively headbutt those who attack you in melee.
Your magical capacity is low. (-10% MP)
Your natural rate of healing is unusually fast.


Message History

You feel very sick. You block something's attack.
You closely miss something. You slash the ball python!
You kill the ball python!
You feel very sick. Something hits you but does no damage.
You closely miss something. Your headbutt misses something.
You feel sick. Something completely misses you.
You miss something.
You feel sick.
You miss something. You closely miss the goblin.
You feel sick. The goblin closely misses you. You furiously retaliate!
You headbutt the goblin!
You kill the goblin!
Something hits you but does no damage.
You are more poisoned.
You barely miss something. Your headbutt misses something.
You feel sick. Something hits you.
You are more poisoned.
You miss something. Your headbutt misses something.
You feel very sick. Something hits you!
* * * LOW HITPOINT WARNING * * *
You are more poisoned.
You slash something! Your headbutt misses something.
* * * LOW HITPOINT WARNING * * *
You feel very sick. Something hits you.
* * * LOW HITPOINT WARNING * * *
It was a potion of mutation.
You feel extremely strange.
You feel less energetic.
You begin to heal more quickly.
* * * LOW HITPOINT WARNING * * *
You feel very sick.
Really quaff the potion of mutation? [Y]es or [N]o only, please.
Really quaff the potion of mutation?
Okay, then.
It was a potion of degeneration.
There was something very wrong with that liquid.
You feel weakened.
You feel dopey.
You feel clumsy.
You die...

..(.##....#.......#.### #.#.#
##.....##.#.......#.# #.# #
#...####.........#.# #.#
###..............#.######.####
###########..........##....#
.....(.........##.######
.......................#
......{.........###.##.#
......)@........###.##.#
......##...##......)...# .....
##..............# ....
###.>............# ...
#................# ..
###..##..........# $
#..............#
###+##...........#
#................#


There were no monsters in sight!

Vanquished Creatures
  Jessica (D:2)
  3 gnolls (D:2)
  An adder (D:2)
  4 bats
  5 endoplasms
  3 goblins
  4 hobgoblins
  3 jackals (D:2)
  4 kobolds
  3 quokkas (D:1)
  3 ball pythons
  2 frilled lizards (D:2)
  2 rats
38 creatures vanquished.

Notes
Turn   | Place    | Note
-------+----------+-------------------------------------------
     0 | D:1      | dolemite99 the Minotaur Fighter began the quest for the
                  | Orb.
     0 | D:1      | Reached XP level 1. HP: 19/19 MP: 0/0
    95 | D:1      | Reached skill level 3 in Axes
   283 | D:1      | Reached XP level 2. HP: 26/26 MP: 1/1
   780 | D:1      | Found a faded altar of an unknown god.
  1198 | D:2      | Reached skill level 4 in Axes
  1261 | D:2      | Reached XP level 3. HP: 31/31 MP: 2/2
  1402 | D:2      | Reached skill level 5 in Axes
  1412 | D:2      | Reached XP level 4. HP: 13/39 MP: 3/3
  1827 | D:2      | Noticed Jessica
  1835 | D:2      | Killed Jessica
  1910 | D:2      | Noticed Sigmund
  1923 | D:2      | Gained mutation: Your magical capacity is low. (-10% MP)
                  | [potion of mutation]
  1923 | D:2      | Gained mutation: Your natural rate of healing is unusually
                  | fast. [potion of mutation]
  1923 | D:2      | HP: 1/39 [poisoned by Sigmund]
  1924 | D:2      | Succumbed to Sigmund's poison

Illustrated notes

Levels and vault maps discovered:
D:1:      zelgadis_glass_arrival_small, layout_loops_corners,
          shapermc_ecumenical_altar_totnotflames
D:2:      layout_basic, minmay_hexomino_p4, uniq_crazy_yiuf_cottage,
          uniq_jessica, uniq_sigmund

Skill      XL: |  1  2  3 |
---------------+----------+-----
Axes           | 3 4 5 |  5.8
Fighting       | |  3.6
Armour         | |  3.6
Shields        | |  3.6

Action                   |  1- 3 |  4- 6 || total
-------------------------+-------+-------++-------
Melee: War axe           |    64 |    12 ||    76
       Headbutt          |     4 |       ||     4
Throw: Dart              |    26 |     6 ||    32
  Use: Potion            |       |     3 ||     3
Armor: Scale mail        |    30 |     4 ||    34
       Skin              |       |     1 ||     1
Dodge: Dodged            |    30 |     2 ||    32
Block: Buckler           |    19 |     2 ||    21

Table legend: (Time is in decaauts)
 A = Elapsed time spent in this place.
 B = Non-inter-level travel time spent in this place.
 C = Inter-level travel time spent in this place.
 D = Time resting spent in this place.
 E = Time spent auto-exploring this place.
 F = Levels seen in this place.
 G = Mean time per level.
                   A        B        C        D        E       F      G
               +--------+--------+--------+--------+--------+-----+--------+
         Total |   1952 |   1908 |     44 |    405 |   1110 |   2 |  976.0 |
       Dungeon |   1952 |   1908 |     44 |    405 |   1110 |   2 |  976.0 |
               +--------+--------+--------+--------+--------+-----+--------+

Top non-repeatable levels by time:
     D:1: 1164 daAuts
     D:2: 787 daAuts
